Devils vs Flames

Created - 25 novembre 2025 at 21:32

Goals
1 2 3 T
Devils 2 0 1 3
Flames 0 1 0 1
Shots
1 2 3 T
Devils 19 3 13 35
Flames 7 10 10 27

GoalsPenalties
1st period
1. Devils , Leon Draisaitl 13 (Aleksander Barkov 10, Dougie Hamilton 14) at 5:48
2. Devils , Dougie Hamilton 3 (Aleksander Barkov 11, Taylor Hall 6) at 19:04 (PP)
Simon Benoit (CGY) for Holding (Minor) at 9:52
Dougie Hamilton (NJD) for Hooking (Minor) at 14:20
Kiefer Sherwood (CGY) for High sticking (Minor) at 17:44
Simon Benoit (CGY) for Hooking (Minor) at 19:19
2nd period
3. Flames , Jordan Kyrou 9 (Esa Lindell 8, Ivan Provorov 15) at 6:51 (PP)
Jake Middleton (NJD) for Tripping (Minor) at 5:28
John Tavares (CGY) for Tripping (Minor) at 10:09
3rd period
4. Devils , Alexander Wennberg 7 (Taylor Hall 7, Evgeni Malkin 12) at 2:00
John Tavares (CGY) for Goalie Interference (Minor) at 11:49
Jake Middleton (NJD) for Hooking (Minor) at 14:29
Goalie Stats
Andrei Vasilevskiy (NJD), 26 saves from 27 shots - (0,963), W, 13-9-0, 60:00 minutes
Logan Thompson (CGY), 32 saves from 35 shots - (0,914), L, 11-9-0, 60:00 minutes
3 StarsOfficial
1 - Aleksander Barkov (NJD)
2 - Andrei Vasilevskiy (NJD)
3 - Leon Draisaitl (NJD)
Referees : Mike Sheehan and Gord Dwyer
Linesman : Kory Nagy and Steven Berry
Game Note
Sebastian Aho is injured at 8:23 of 1st period (Left Foot)
Finance
Level 1 -- Attendance: 5075 (78,08%) -- Ticket Income $634,375
Level 2 -- Attendance: 4741 (94,82%) -- Ticket Income $355,575
Level 3 -- Attendance: 3152 (90,06%) -- Ticket Income $157,600
Level 4 -- Attendance: 2811 (85,47%) -- Ticket Income $120,873
Luxury Box -- Attendance: 964 (96,40%) -- Ticket Income $144,600
Game was played at the Scotiabank Saddledome.
Total Attendance: 16743 (86,80%)
Total Ticket Income: $1,413,023
Other Income: $353,256
Total Income: $1,766,279



Team Name Goals Shots Shots Attemp Shots Blocked PIM HIT PP PK FO%
Devils 33556116191 / 5 (20%)154%
Flames 12755210231 / 3 (33%)146%

Devils
Player Name POS G A P +/- PIM HIT SHT SB MP PP MP PP SHT PK MP PK SHT FO% FOT
Aleksander BarkovC0221025119:494:0900:00048% 27
Alexander WennbergC1011014012:110:0002:54060% 5
Casey CizikasC000000008:590:0002:27075% 12
Connor CliftonD0001010014:250:0002:0400% 0
Damon SeversonD0000022218:310:0002:3800% 0
Dougie HamiltonD1121211023:294:1812:0300% 0
Ethan Del MastroD0001000112:210:0000:0000% 0
Evgeni MalkinC0111002013:264:0900:00067% 9
Jake MiddletonD0000410317:050:0001:1400% 0
Jonathan HuberdeauC0000011018:034:0900:0000% 1
Leon DraisaitlC1011026020:475:0700:00067% 9
Mathieu JosephRW000001108:590:0002:2700% 0
Matt BoldyLW0001013020:475:0700:0000% 1
Mikhail SergachevD0001012224:504:5822:4300% 0
Nils HoglanderLW000001119:260:0002:5410% 1
Taylor HallLW0221011013:354:1800:0000% 1
Travis KonecnyRW0000020019:015:0700:0000% 3
Wyatt JohnstonC0000016118:524:5820:00056% 18
Flames
Player Name POS G A P +/- PIM HIT SHT SB MP PP MP PP SHT PK MP PK SHT FO% FOT
Adam LarssonD000-1050026:373:5205:2200% 0
Alex DeBrincatRW000-2011019:093:4401:01067% 3
Alex LaferriereRW0000012011:080:0000:0000% 0
Alex OvechkinLW000-2042022:463:4404:38050% 6
David KampfC000-1012020:193:4403:55033% 12
Esa LindellD011-1012020:011:2913:5100% 0
Frank VatranoRW0000012012:501:3700:0000% 0
Ivan ProvorovD011-1021220:011:2903:5100% 0
Jacob MiddletonD0000020013:220:0000:0300% 0
Jakub VranaLW0000010011:480:0003:100100% 1
Jared SpurgeonD000-1002026:373:5215:2200% 0
John TavaresC0000403013:381:3703:25057% 14
Jordan KyrouC1010008021:271:3721:05042% 31
Kiefer SherwoodLW0000201012:300:0001:1800% 0
Luke EvangelistaRW0000000011:080:0000:0000% 0
Sebastian AhoC000-100102:500:0000:00050% 4
Simon BenoitD0000430013:200:0000:0300% 0
Yegor ChinakhovRW0000010011:080:0000:00044% 16



Play-by-Play

1st period


0:01 of 1st period - Aleksander Barkov wins face-off versus Sebastian Aho in neutral zone.
0:23 of 1st period - Icing by Dougie Hamilton.
0:24 of 1st period - Jordan Kyrou wins face-off versus Aleksander Barkov in Devils zone.
1:14 of 1st period - Esa Lindell is hit by Leon Draisaitl and loses puck.
1:24 of 1st period - Off-side.
1:25 of 1st period - John Tavares wins face-off versus Wyatt Johnston in neutral zone.
1:32 of 1st period - Wyatt Johnston is hit by Jakub Vrana and loses puck.
2:33 of 1st period - Jared Spurgeon is hit by Taylor Hall and loses puck.
2:44 of 1st period - Shot by Evgeni Malkin.
2:44 of 1st period - Stopped by Logan Thompson with a rebound.
3:35 of 1st period - Shot by Yegor Chinakhov.
3:35 of 1st period - Shot Misses the Net.
3:37 of 1st period - Shot by Ivan Provorov.
3:37 of 1st period - Stopped by Andrei Vasilevskiy with a rebound.
3:39 of 1st period - Shot by Esa Lindell.
3:39 of 1st period - Stopped by Andrei Vasilevskiy without a rebound.
3:40 of 1st period - Jordan Kyrou wins face-off versus Casey Cizikas in Devils zone.
3:40 of 1st period - Jordan Kyrou is hit by Damon Severson.
3:42 of 1st period - Shot by Frank Vatrano.
3:42 of 1st period - Stopped by Andrei Vasilevskiy without a rebound.
3:43 of 1st period - Casey Cizikas wins face-off versus Jordan Kyrou in Devils zone.
4:56 of 1st period - Shot by Sebastian Aho.
4:56 of 1st period - Stopped by Andrei Vasilevskiy without a rebound.
4:57 of 1st period - Alex DeBrincat wins face-off versus Aleksander Barkov in Devils zone.
5:18 of 1st period - Shot by Matt Boldy.
5:18 of 1st period - Stopped by Logan Thompson with a rebound.
5:20 of 1st period - Shot by Leon Draisaitl.
5:20 of 1st period - Stopped by Logan Thompson without a rebound.
5:21 of 1st period - Wyatt Johnston wins face-off versus Yegor Chinakhov in Flames zone.
5:24 of 1st period - Shot by Wyatt Johnston.
5:24 of 1st period - Stopped by Logan Thompson without a rebound.
5:25 of 1st period - Yegor Chinakhov wins face-off versus Wyatt Johnston in Flames zone.
5:33 of 1st period - Icing by Damon Severson.
5:34 of 1st period - Wyatt Johnston wins face-off versus Alex DeBrincat in Devils zone.
5:39 of 1st period - Shot by Wyatt Johnston.
5:39 of 1st period - Stopped by Logan Thompson without a rebound.
5:40 of 1st period - Aleksander Barkov wins face-off versus Sebastian Aho in Flames zone.
5:46 of 1st period - Shot by Aleksander Barkov.
5:46 of 1st period - Deflect By Leon Draisaitl.
5:46 of 1st period - Shot Misses the Net.
5:48 of 1st period - Shot by Leon Draisaitl.
5:48 of 1st period - Goal by Leon Draisaitl - Devils : 1 - Flames : 0.
5:49 of 1st period - Wyatt Johnston wins face-off versus John Tavares in neutral zone.
6:26 of 1st period - Shot by John Tavares.
6:26 of 1st period - Stopped by Andrei Vasilevskiy without a rebound.
6:27 of 1st period - Sebastian Aho wins face-off versus Aleksander Barkov in Devils zone.
6:27 of 1st period - Sebastian Aho is hit by Jake Middleton.
6:43 of 1st period - Alex Ovechkin is hit by Aleksander Barkov and loses puck.
6:58 of 1st period - Shot by Sebastian Aho.
6:58 of 1st period - Deflect By Alex DeBrincat.
6:58 of 1st period - Stopped by Andrei Vasilevskiy without a rebound.
6:59 of 1st period - Casey Cizikas wins face-off versus Jordan Kyrou in Devils zone.
8:08 of 1st period - Shot by Aleksander Barkov.
8:08 of 1st period - Stopped by Logan Thompson without a rebound.
8:09 of 1st period - Sebastian Aho wins face-off versus Wyatt Johnston in Flames zone.
8:09 of 1st period - Sebastian Aho is hit by Jonathan Huberdeau.
8:22 of 1st period - Sebastian Aho is hit by Connor Clifton and loses puck.
8:23 of 1st period - Sebastian Aho from Flames is injured at 8:23 of 1st period (Left Foot).
8:24 of 1st period - Yegor Chinakhov wins face-off versus Evgeni Malkin in Devils zone.
8:38 of 1st period - Alexander Wennberg is hit by Ivan Provorov and loses puck.
8:51 of 1st period - Shot by Alexander Wennberg.
8:51 of 1st period - Stopped by Logan Thompson without a rebound.
8:52 of 1st period - Aleksander Barkov wins face-off versus Jordan Kyrou in Flames zone.
8:55 of 1st period - Shot by Aleksander Barkov.
8:55 of 1st period - Stopped by Logan Thompson without a rebound.
8:56 of 1st period - Aleksander Barkov wins face-off versus Jordan Kyrou in Flames zone.
8:56 of 1st period - Mikhail Sergachev is hit by Simon Benoit and loses puck.
9:09 of 1st period - Shot by Aleksander Barkov.
9:09 of 1st period - Stopped by Logan Thompson with a rebound.
9:30 of 1st period - Dougie Hamilton is hit by Alex Ovechkin and loses puck.
9:52 of 1st period - Minor Penalty to Simon Benoit for Holding.
9:53 of 1st period - Aleksander Barkov wins face-off versus John Tavares in Flames zone.
10:24 of 1st period - Shot by Wyatt Johnston.
10:24 of 1st period - Stopped by Logan Thompson without a rebound.
10:25 of 1st period - Alex Ovechkin wins face-off versus Leon Draisaitl in Flames zone.
10:33 of 1st period - Taylor Hall is hit by Adam Larsson and loses puck.
10:43 of 1st period - Icing by Travis Konecny.
10:44 of 1st period - Leon Draisaitl wins face-off versus Alex Ovechkin in Devils zone.
11:51 of 1st period - Shot by Mikhail Sergachev.
11:51 of 1st period - Stopped by Logan Thompson without a rebound.
11:52 of 1st period - Casey Cizikas wins face-off versus Jordan Kyrou in Flames zone.
12:28 of 1st period - Shot by Casey Cizikas.
12:28 of 1st period - Shot Misses the Net.
12:30 of 1st period - Shot by Damon Severson.
12:30 of 1st period - Stopped by Logan Thompson without a rebound.
12:31 of 1st period - Yegor Chinakhov wins face-off versus Wyatt Johnston in Flames zone.
12:31 of 1st period - Yegor Chinakhov is hit by Travis Konecny.
12:56 of 1st period - Icing by Ethan Del Mastro.
12:57 of 1st period - John Tavares wins face-off versus Travis Konecny in Devils zone.
13:02 of 1st period - Shot by Jakub Vrana.
13:02 of 1st period - Shot Misses the Net.
13:12 of 1st period - Shot by Travis Konecny.
13:12 of 1st period - Shot Misses the Net.
13:40 of 1st period - Shot by Dougie Hamilton.
13:40 of 1st period - Shot Misses the Net.
13:42 of 1st period - Shot by Mikhail Sergachev.
13:42 of 1st period - Deflect By Leon Draisaitl.
13:42 of 1st period - Stopped by Logan Thompson without a rebound.
13:43 of 1st period - Evgeni Malkin wins face-off versus Jordan Kyrou in Flames zone.
14:01 of 1st period - Shot by Evgeni Malkin.
14:01 of 1st period - Shot Misses the Net.
14:03 of 1st period - Shot by Alexander Wennberg.
14:03 of 1st period - Deflect By Evgeni Malkin.
14:03 of 1st period - Stopped by Logan Thompson without a rebound.
14:04 of 1st period - Alex Ovechkin wins face-off versus Aleksander Barkov in Flames zone.
14:06 of 1st period - Icing by Alex DeBrincat.
14:07 of 1st period - Jordan Kyrou wins face-off versus Aleksander Barkov in Flames zone.
14:20 of 1st period - Minor Penalty to Dougie Hamilton for Hooking.
14:21 of 1st period - Alexander Wennberg wins face-off versus David Kampf in Devils zone.
14:54 of 1st period - David Kampf is hit by Nils Hoglander and loses puck.
15:03 of 1st period - Shot by Nils Hoglander.
15:03 of 1st period - Stopped by Logan Thompson without a rebound.
15:04 of 1st period - Casey Cizikas wins face-off versus Jordan Kyrou in Flames zone.
15:31 of 1st period - Shot by John Tavares.
15:31 of 1st period - Shot Blocked by Damon Severson.
15:33 of 1st period - Shot by Frank Vatrano.
15:33 of 1st period - Shot Misses the Net.
15:35 of 1st period - Shot by Jordan Kyrou.
15:35 of 1st period - Shot Blocked by Jake Middleton.
16:33 of 1st period - Shot by Aleksander Barkov.
16:33 of 1st period - Stopped by Logan Thompson without a rebound.
16:34 of 1st period - Wyatt Johnston wins face-off versus David Kampf in Flames zone.
16:37 of 1st period - Shot by Wyatt Johnston.
16:37 of 1st period - Shot Misses the Net.
16:42 of 1st period - Jared Spurgeon is hit by Travis Konecny and loses puck.
17:05 of 1st period - Shot by David Kampf.
17:05 of 1st period - Stopped by Andrei Vasilevskiy without a rebound.
17:06 of 1st period - Aleksander Barkov wins face-off versus Yegor Chinakhov in Devils zone.
17:06 of 1st period - Aleksander Barkov is hit by Yegor Chinakhov.
17:19 of 1st period - Shot by Leon Draisaitl.
17:19 of 1st period - Stopped by Logan Thompson without a rebound.
17:20 of 1st period - Jordan Kyrou wins face-off versus Evgeni Malkin in Flames zone.
17:40 of 1st period - Alexander Wennberg is hit by Esa Lindell and loses puck.
17:44 of 1st period - Minor Penalty to Kiefer Sherwood for High sticking.
17:45 of 1st period - Leon Draisaitl wins face-off versus John Tavares in Flames zone.
19:04 of 1st period - Shot by Dougie Hamilton.
19:04 of 1st period - Goal by Dougie Hamilton - Devils : 2 - Flames : 0.
19:05 of 1st period - Casey Cizikas wins face-off versus Jordan Kyrou in neutral zone.
19:19 of 1st period - Minor Penalty to Simon Benoit for Hooking.
19:20 of 1st period - Alex Ovechkin wins face-off versus Aleksander Barkov in Flames zone.
19:26 of 1st period - Icing by Aleksander Barkov.
19:27 of 1st period - Aleksander Barkov wins face-off versus David Kampf in Devils zone.
19:55 of 1st period - Aleksander Barkov is hit by Adam Larsson and loses puck.
Goals for this period are 2 for Devils vs 0 for Flames.
Shots for this period are 19 for Devils vs 7 for Flames.

2nd period


0:01 of 2nd period - John Tavares wins face-off versus Leon Draisaitl in neutral zone.
0:12 of 2nd period - Shot by Wyatt Johnston.
0:12 of 2nd period - Stopped by Logan Thompson without a rebound.
0:13 of 2nd period - Aleksander Barkov wins face-off versus Alex Ovechkin in Flames zone.
0:38 of 2nd period - Shot by Mikhail Sergachev.
0:38 of 2nd period - Stopped by Logan Thompson without a rebound.
0:39 of 2nd period - John Tavares wins face-off versus Leon Draisaitl in Flames zone.
0:39 of 2nd period - Ivan Provorov is hit by Leon Draisaitl and loses puck.
0:59 of 2nd period - Icing by Dougie Hamilton.
1:00 of 2nd period - Leon Draisaitl wins face-off versus John Tavares in Devils zone.
1:21 of 2nd period - Shot by Casey Cizikas.
1:21 of 2nd period - Shot Misses the Net.
1:31 of 2nd period - Mathieu Joseph is hit by Frank Vatrano and loses puck.
1:55 of 2nd period - Shot by Frank Vatrano.
1:55 of 2nd period - Shot Blocked by Jake Middleton.
1:57 of 2nd period - Shot by Kiefer Sherwood.
1:57 of 2nd period - Stopped by Andrei Vasilevskiy without a rebound.
1:58 of 2nd period - David Kampf wins face-off versus Matt Boldy in Devils zone.
2:11 of 2nd period - Shot by Leon Draisaitl.
2:11 of 2nd period - Stopped by Logan Thompson without a rebound.
2:12 of 2nd period - Wyatt Johnston wins face-off versus Yegor Chinakhov in Flames zone.
2:13 of 2nd period - Shot by Travis Konecny.
2:13 of 2nd period - Shot Misses the Net.
2:43 of 2nd period - Shot by Jared Spurgeon.
2:43 of 2nd period - Shot Blocked by Mikhail Sergachev.
2:45 of 2nd period - Shot by Alex Laferriere.
2:45 of 2nd period - Shot Misses the Net.
3:35 of 2nd period - Icing by Jared Spurgeon.
3:36 of 2nd period - Evgeni Malkin wins face-off versus Yegor Chinakhov in Flames zone.
3:57 of 2nd period - Shot by Alex DeBrincat.
3:57 of 2nd period - Shot Misses the Net.
4:57 of 2nd period - Shot by John Tavares.
4:57 of 2nd period - Stopped by Andrei Vasilevskiy without a rebound.
4:58 of 2nd period - Aleksander Barkov wins face-off versus Jordan Kyrou in Devils zone.
5:11 of 2nd period - Shot by Frank Vatrano.
5:11 of 2nd period - Shot Blocked by Aleksander Barkov.
5:15 of 2nd period - Shot by Jordan Kyrou.
5:15 of 2nd period - Stopped by Andrei Vasilevskiy without a rebound.
5:16 of 2nd period - John Tavares wins face-off versus Jonathan Huberdeau in Devils zone.
5:20 of 2nd period - Icing by Jake Middleton.
5:21 of 2nd period - David Kampf wins face-off versus Travis Konecny in Devils zone.
5:25 of 2nd period - Shot by David Kampf.
5:25 of 2nd period - Stopped by Andrei Vasilevskiy with a rebound.
5:27 of 2nd period - Shot by Alex DeBrincat.
5:27 of 2nd period - Shot Blocked by Jake Middleton.
5:28 of 2nd period - Minor Penalty to Jake Middleton for Tripping.
5:29 of 2nd period - Casey Cizikas wins face-off versus David Kampf in Devils zone.
6:04 of 2nd period - Shot by Adam Larsson.
6:04 of 2nd period - Shot Blocked by Damon Severson.
6:30 of 2nd period - Dougie Hamilton is hit by Alex Ovechkin and loses puck.
6:51 of 2nd period - Shot by Jordan Kyrou.
6:51 of 2nd period - Goal by Jordan Kyrou - Devils : 2 - Flames : 1.
6:52 of 2nd period - Yegor Chinakhov wins face-off versus Aleksander Barkov in neutral zone.
7:18 of 2nd period - Shot by Alex Laferriere.
7:18 of 2nd period - Stopped by Andrei Vasilevskiy without a rebound.
7:19 of 2nd period - Jordan Kyrou wins face-off versus Travis Konecny in Devils zone.
7:28 of 2nd period - Shot by Jordan Kyrou.
7:28 of 2nd period - Stopped by Andrei Vasilevskiy with a rebound.
7:43 of 2nd period - Shot by Frank Vatrano.
7:43 of 2nd period - Stopped by Andrei Vasilevskiy without a rebound.
7:44 of 2nd period - Yegor Chinakhov wins face-off versus Aleksander Barkov in Devils zone.
8:08 of 2nd period - Jared Spurgeon is hit by Mikhail Sergachev and loses puck.
8:29 of 2nd period - Icing by Luke Evangelista.
8:30 of 2nd period - Yegor Chinakhov wins face-off versus Wyatt Johnston in Flames zone.
8:50 of 2nd period - Off-side.
8:51 of 2nd period - Jordan Kyrou wins face-off versus Taylor Hall in neutral zone.
10:09 of 2nd period - Minor Penalty to John Tavares for Tripping.
10:10 of 2nd period - Leon Draisaitl wins face-off versus Jordan Kyrou in Flames zone.
12:29 of 2nd period - Shot by Alex Laferriere.
12:29 of 2nd period - Stopped by Andrei Vasilevskiy without a rebound.
12:30 of 2nd period - Casey Cizikas wins face-off versus Jordan Kyrou in Devils zone.
13:25 of 2nd period - Icing by Jake Middleton.
13:26 of 2nd period - Wyatt Johnston wins face-off versus David Kampf in Devils zone.
13:26 of 2nd period - Wyatt Johnston is hit by Alex Ovechkin.
14:02 of 2nd period - Shot by Alex Ovechkin.
14:02 of 2nd period - Stopped by Andrei Vasilevskiy without a rebound.
14:03 of 2nd period - Aleksander Barkov wins face-off versus Yegor Chinakhov in Devils zone.
14:46 of 2nd period - Shot by Leon Draisaitl.
14:46 of 2nd period - Shot Misses the Net.
15:15 of 2nd period - Taylor Hall is hit by Adam Larsson and loses puck.
15:42 of 2nd period - Jordan Kyrou is hit by Alexander Wennberg and loses puck.
16:02 of 2nd period - Off-side.
16:03 of 2nd period - Wyatt Johnston wins face-off versus John Tavares in neutral zone.
16:11 of 2nd period - Ethan Del Mastro is hit by Simon Benoit and loses puck.
16:27 of 2nd period - Wyatt Johnston is hit by Jacob Middleton and loses puck.
16:36 of 2nd period - Shot by John Tavares.
16:36 of 2nd period - Shot Blocked by Ethan Del Mastro.
16:38 of 2nd period - Shot by Jacob Middleton.
16:38 of 2nd period - Shot Misses the Net.
17:28 of 2nd period - Shot by Luke Evangelista.
17:28 of 2nd period - Shot Misses the Net.
17:49 of 2nd period - Icing by Mikhail Sergachev.
17:50 of 2nd period - Aleksander Barkov wins face-off versus Jordan Kyrou in Devils zone.
17:52 of 2nd period - Mikhail Sergachev is hit by Alex DeBrincat and loses puck.
18:33 of 2nd period - Shot by Alexander Wennberg.
18:33 of 2nd period - Deflect By Taylor Hall.
18:33 of 2nd period - Shot Misses the Net.
18:44 of 2nd period - Alexander Wennberg is hit by Adam Larsson and loses puck.
19:07 of 2nd period - Jakub Vrana is hit by Wyatt Johnston and loses puck.
19:28 of 2nd period - Shot by David Kampf.
19:28 of 2nd period - Shot Misses the Net.
19:30 of 2nd period - Shot by John Tavares.
19:30 of 2nd period - Shot Misses the Net.
19:42 of 2nd period - Shot by David Kampf.
19:42 of 2nd period - Shot Misses the Net.
Goals for this period are 0 for Devils vs 1 for Flames.
Shots for this period are 3 for Devils vs 10 for Flames.

3rd period


0:01 of 3rd period - Aleksander Barkov wins face-off versus Jordan Kyrou in neutral zone.
1:27 of 3rd period - Jonathan Huberdeau is hit by Ivan Provorov and loses puck.
1:36 of 3rd period - Shot by Travis Konecny.
1:36 of 3rd period - Shot Misses the Net.
1:58 of 3rd period - Shot by Taylor Hall.
1:58 of 3rd period - Stopped by Logan Thompson with a rebound.
2:00 of 3rd period - Shot by Alexander Wennberg.
2:00 of 3rd period - Goal by Alexander Wennberg - Devils : 3 - Flames : 1.
2:01 of 3rd period - Casey Cizikas wins face-off versus Yegor Chinakhov in neutral zone.
2:39 of 3rd period - Nils Hoglander is hit by Simon Benoit and loses puck.
3:08 of 3rd period - Adam Larsson is hit by Mathieu Joseph and loses puck.
3:44 of 3rd period - Shot by Leon Draisaitl.
3:44 of 3rd period - Stopped by Logan Thompson without a rebound.
3:45 of 3rd period - Wyatt Johnston wins face-off versus Jordan Kyrou in Flames zone.
3:50 of 3rd period - Shot by Travis Konecny.
3:50 of 3rd period - Shot Misses the Net.
4:08 of 3rd period - Shot by Jonathan Huberdeau.
4:08 of 3rd period - Shot Misses the Net.
4:10 of 3rd period - Shot by Travis Konecny.
4:10 of 3rd period - Deflect By Jonathan Huberdeau.
4:10 of 3rd period - Stopped by Logan Thompson without a rebound.
4:11 of 3rd period - Jordan Kyrou wins face-off versus Aleksander Barkov in Flames zone.
4:11 of 3rd period - Jordan Kyrou is hit by Aleksander Barkov.
4:17 of 3rd period - Off-side.
4:18 of 3rd period - Jordan Kyrou wins face-off versus Aleksander Barkov in neutral zone.
4:21 of 3rd period - Leon Draisaitl is hit by Alex Ovechkin and loses puck.
4:44 of 3rd period - Shot by Alex Ovechkin.
4:44 of 3rd period - Stopped by Andrei Vasilevskiy with a rebound.
5:21 of 3rd period - Off-side.
5:22 of 3rd period - John Tavares wins face-off versus Wyatt Johnston in neutral zone.
5:29 of 3rd period - Damon Severson is hit by David Kampf and loses puck.
5:52 of 3rd period - Shot by Wyatt Johnston.
5:52 of 3rd period - Stopped by Logan Thompson without a rebound.
5:53 of 3rd period - Evgeni Malkin wins face-off versus Yegor Chinakhov in Flames zone.
6:04 of 3rd period - Shot by Alexander Wennberg.
6:04 of 3rd period - Stopped by Logan Thompson without a rebound.
6:05 of 3rd period - Jordan Kyrou wins face-off versus Casey Cizikas in Flames zone.
6:20 of 3rd period - Shot by Jordan Kyrou.
6:20 of 3rd period - Shot Blocked by Nils Hoglander.
6:22 of 3rd period - Shot by Jordan Kyrou.
6:22 of 3rd period - Shot Blocked by Mikhail Sergachev.
6:31 of 3rd period - Icing by Dougie Hamilton.
6:32 of 3rd period - Jakub Vrana wins face-off versus Casey Cizikas in Devils zone.
6:35 of 3rd period - Shot by John Tavares.
6:35 of 3rd period - Stopped by Andrei Vasilevskiy without a rebound.
6:36 of 3rd period - John Tavares wins face-off versus Aleksander Barkov in Devils zone.
8:08 of 3rd period - Shot by Frank Vatrano.
8:08 of 3rd period - Deflect By Jordan Kyrou.
8:08 of 3rd period - Stopped by Andrei Vasilevskiy without a rebound.
8:09 of 3rd period - Evgeni Malkin wins face-off versus David Kampf in Devils zone.
9:04 of 3rd period - Shot by Frank Vatrano.
9:04 of 3rd period - Shot Misses the Net.
9:06 of 3rd period - Shot by Jordan Kyrou.
9:06 of 3rd period - Stopped by Andrei Vasilevskiy without a rebound.
9:07 of 3rd period - Yegor Chinakhov wins face-off versus Aleksander Barkov in Devils zone.
9:30 of 3rd period - Shot by Alex Laferriere.
9:30 of 3rd period - Shot Misses the Net.
9:33 of 3rd period - Icing by Mikhail Sergachev.
9:34 of 3rd period - Jordan Kyrou wins face-off versus Aleksander Barkov in Devils zone.
9:37 of 3rd period - Shot by Jordan Kyrou.
9:37 of 3rd period - Shot Misses the Net.
9:57 of 3rd period - Shot by Jordan Kyrou.
9:57 of 3rd period - Stopped by Andrei Vasilevskiy without a rebound.
9:58 of 3rd period - Jordan Kyrou wins face-off versus Wyatt Johnston in Devils zone.
10:01 of 3rd period - Shot by Alex Ovechkin.
10:01 of 3rd period - Shot Misses the Net.
10:11 of 3rd period - Shot by Alex DeBrincat.
10:11 of 3rd period - Shot Blocked by Wyatt Johnston.
10:20 of 3rd period - Alex Ovechkin is hit by Damon Severson and loses puck.
10:27 of 3rd period - Shot by Alex DeBrincat.
10:27 of 3rd period - Shot Misses the Net.
10:29 of 3rd period - Shot by Jared Spurgeon.
10:29 of 3rd period - Stopped by Andrei Vasilevskiy without a rebound.
10:30 of 3rd period - John Tavares wins face-off versus Evgeni Malkin in Devils zone.
10:30 of 3rd period - John Tavares is hit by Dougie Hamilton.
10:32 of 3rd period - Shot by David Kampf.
10:32 of 3rd period - Deflect By John Tavares.
10:32 of 3rd period - Shot Misses the Net.
11:21 of 3rd period - Icing by Esa Lindell.
11:22 of 3rd period - Aleksander Barkov wins face-off versus John Tavares in Flames zone.
11:42 of 3rd period - Shot by Leon Draisaitl.
11:42 of 3rd period - Shot Blocked by Ivan Provorov.
11:44 of 3rd period - Shot by Aleksander Barkov.
11:44 of 3rd period - Shot Blocked by Ivan Provorov.
11:49 of 3rd period - Minor Penalty to John Tavares for Goalie Interference.
11:50 of 3rd period - Leon Draisaitl wins face-off versus Alex Ovechkin in Flames zone.
12:16 of 3rd period - Leon Draisaitl is hit by Adam Larsson and loses puck.
13:39 of 3rd period - Shot by Leon Draisaitl.
13:39 of 3rd period - Deflect By Travis Konecny.
13:39 of 3rd period - Shot Misses the Net.
13:46 of 3rd period - Icing by Wyatt Johnston.
13:47 of 3rd period - Leon Draisaitl wins face-off versus Jordan Kyrou in Devils zone.
13:53 of 3rd period - Icing by Damon Severson.
13:54 of 3rd period - Casey Cizikas wins face-off versus Yegor Chinakhov in Devils zone.
13:54 of 3rd period - Casey Cizikas is hit by Alex Laferriere.
14:01 of 3rd period - Damon Severson is hit by Jacob Middleton and loses puck.
14:06 of 3rd period - Shot by Mathieu Joseph.
14:06 of 3rd period - Stopped by Logan Thompson without a rebound.
14:07 of 3rd period - Evgeni Malkin wins face-off versus Jordan Kyrou in Flames zone.
14:12 of 3rd period - Shot by Alexander Wennberg.
14:12 of 3rd period - Stopped by Logan Thompson without a rebound.
14:13 of 3rd period - Jordan Kyrou wins face-off versus Wyatt Johnston in Flames zone.
14:22 of 3rd period - Shot by Jordan Kyrou.
14:22 of 3rd period - Shot Misses the Net.
14:29 of 3rd period - Minor Penalty to Jake Middleton for Hooking.
14:30 of 3rd period - Alex DeBrincat wins face-off versus Alexander Wennberg in Devils zone.
14:35 of 3rd period - Shot by Esa Lindell.
14:35 of 3rd period - Stopped by Andrei Vasilevskiy without a rebound.
14:36 of 3rd period - Jordan Kyrou wins face-off versus Alexander Wennberg in Devils zone.
14:37 of 3rd period - Shot by Jared Spurgeon.
14:37 of 3rd period - Stopped by Andrei Vasilevskiy without a rebound.
14:38 of 3rd period - Alexander Wennberg wins face-off versus Jordan Kyrou in Devils zone.
14:49 of 3rd period - Shot by Jordan Kyrou.
14:49 of 3rd period - Stopped by Andrei Vasilevskiy without a rebound.
14:50 of 3rd period - David Kampf wins face-off versus Nils Hoglander in Devils zone.
15:57 of 3rd period - Icing by Adam Larsson.
15:58 of 3rd period - Alexander Wennberg wins face-off versus David Kampf in Flames zone.
16:33 of 3rd period - Shot by Leon Draisaitl.
16:33 of 3rd period - Deflect By Aleksander Barkov.
16:33 of 3rd period - Shot Misses the Net.
16:35 of 3rd period - Shot by Damon Severson.
16:35 of 3rd period - Shot Misses the Net.
16:43 of 3rd period - Shot by Matt Boldy.
16:43 of 3rd period - Stopped by Logan Thompson with a rebound.
16:45 of 3rd period - Shot by Damon Severson.
16:45 of 3rd period - Shot Misses the Net.
17:01 of 3rd period - Shot by Matt Boldy.
17:01 of 3rd period - Shot Misses the Net.
17:35 of 3rd period - Shot by Wyatt Johnston.
17:35 of 3rd period - Stopped by Logan Thompson without a rebound.
17:36 of 3rd period - Evgeni Malkin wins face-off versus Jordan Kyrou in Flames zone.
18:10 of 3rd period - Shot by Jordan Kyrou.
18:10 of 3rd period - Stopped by Andrei Vasilevskiy without a rebound.
18:11 of 3rd period - Wyatt Johnston wins face-off versus David Kampf in Devils zone.
18:42 of 3rd period - Icing by Adam Larsson.
18:43 of 3rd period - David Kampf wins face-off versus Aleksander Barkov in Flames zone.
18:43 of 3rd period - David Kampf is hit by Matt Boldy.
19:15 of 3rd period - Shot by Aleksander Barkov.
19:15 of 3rd period - Stopped by Logan Thompson with a rebound.
19:17 of 3rd period - Shot by Jake Middleton.
19:17 of 3rd period - Shot Misses the Net.
19:21 of 3rd period - Shot by Leon Draisaitl.
19:21 of 3rd period - Deflect By Matt Boldy.
19:21 of 3rd period - Stopped by Logan Thompson with a rebound.
19:23 of 3rd period - Shot by Damon Severson.
19:23 of 3rd period - Stopped by Logan Thompson without a rebound.
19:24 of 3rd period - Wyatt Johnston wins face-off versus Yegor Chinakhov in Flames zone.
Goals for this period are 1 for Devils vs 0 for Flames.
Shots for this period are 13 for Devils vs 10 for Flames.